 Dungeon Crawl Stone Soup version 0.20.0-15-g7f486f2 (webtiles) character file.

431 Naow the Magician (level 6, -2/32 HPs)
             Began as a Deep Elf Ice Elementalist on June 10, 2017.
             Slain by a gnoll
             ... wielding a +0 spear
              (3 damage)
             ... on level 4 of the Dungeon.
             The game lasted 00:06:19 (5298 turns).

Naow the Magician (Deep Elf Ice Elementalist)       Turns: 5298, Time: 00:06:20

Health: -2/32      AC:  3    Str:  5    XL:     6   Next: 66%
Magic:  9/18       EV: 13    Int: 22    God:
Gold:   193        SH:  0    Dex: 15    Spells: 13/19 levels left

rFire    . . .     SeeInvis +   i - +1 dagger (vamp)
rCold    . . .     Gourm    .   (no shield)
rNeg     . . .     Faith    .   a - +0 robe
rPois    .         Spirit   .   (no helmet)
rElec    .         Reflect  .   (no cloak)
rCorr    +         Harm     .   (no gloves)
MR       .....                  y - +0 pair of boots (curse)
Stlth    ++........             (no amulet)
Regen    0.1/turn               B - ring of see invisible
MPRegen  0.2/turn               o - ring of resist corrosion

@: slowed, very slow
A: no striking features
a: no special abilities


You were on level 4 of the Dungeon.
You were not hungry.

You visited 1 branch of the dungeon, and saw 4 of its levels.

You collected 193 gold pieces.

Inventory:

Hand Weapons
 i - a +1 vampiric dagger (weapon)
Armour
 a - a +0 robe (worn)
 v - a +0 buckler
 y - a cursed +0 pair of boots (worn)
Jewellery
 d - an uncursed ring of protection from cold
 o - a ring of resist corrosion (right hand)
 B - a ring of see invisible (left hand)
Scrolls
 e - 3 scrolls of identify {unknown}
 n - 3 scrolls of remove curse {unknown}
 p - a scroll of amnesia {unknown}
 q - 2 scrolls of blinking {unknown}
 s - a scroll of fear {unknown}
 t - 2 scrolls of magic mapping {unknown}
 w - a scroll of enchant armour {unknown}
 x - 3 scrolls of teleportation {unknown}
Potions
 g - 2 potions of haste {unknown}
 h - a potion of heal wounds {unknown}
 j - 2 potions of curing {unknown}
 k - 2 potions of cancellation {unknown}
 m - 2 potions of ambrosia {unknown}
 u - a potion of invisibility {unknown}
 z - a potion of brilliance {unknown}
Books
 b - a book of Frost

   Spells                             Type                      Level
   a - Freeze                         Ice                          1
   b - Throw Frost                    Conjuration/Ice              2
   c - Ozocubu's Armour               Charms/Ice                   3
   d - Throw Icicle                   Conjuration/Ice              4
   e - Summon Ice Beast               Ice/Summoning                4
Comestibles
 c - a bread ration
 f - a royal jelly
 l - 4 fruits
 r - a meat ration
 A - a chunk of flesh


   Skills:
 - Level 2.4 Dodging
 - Level 2.4 Stealth
 + Level 7.0 Spellcasting
 - Level 1.1 Conjurations
 + Level 6.3 Ice Magic


You had 13 spell levels left.
You knew the following spells:

 Your Spells              Type           Power        Failure   Level  Hunger
a - Freeze                Ice            ####         1%          1    None
b - Throw Frost           Conj/Ice       ###...       2%          2    None
c - Ozocubu's Armour      Chrm/Ice       ###.....     7%          3    None


Dungeon Overview and Level Annotations

Branches:
Dungeon (4/15)
 Temple: D:4-7

Altars:
Elyvilon
Nemelex Xobeh
Ru
Sif Muna

Shops:
D:4 [

Annotations:
D:4 Natasha


Message History

Natasha closely misses you. The gnoll closely misses you.
Natasha completely misses you. Natasha closely misses you.
Natasha casts a spell at you.
You feel as though you will be slow longer.
Casting: Freeze
Confirm with . or Enter, or press ? or * to list all spells.
You can't see any susceptible monsters within range! (Use Z to cast anyway.) Natasha stares at you and mumbles some strange words.
The magic dart hits you!
* * * LOW HITPOINT WARNING * * *
The gnoll closely misses you.
Natasha stares at you and mumbles some strange words.
You resist with some effort.
Natasha wildly gestures.
You feel disoriented.
There is a stone staircase leading down here.
The gnoll closely misses you. Natasha barely misses you.
The gnoll hits you from afar with a spear.
You die...

#....# ..# ##....#
##..#..... #.....#
##......... ##.....#
##.......... #......#
##...........
#...#..#####..........
...##...............#
...###.............#
...###..........@..#
.....#.....)....h.##
..........()....g.# #
.####..#########..## .##
## ##..# ##..# .... #
#..# #..## #... #..#
##...## #..### #..#
###.....###.....#
#...#####.†..............


You could see Natasha and a gnoll.

Vanquished Creatures
  An ogre (D:4)
  A bullfrog (D:3)
  An orc wizard (D:3)
  Natasha (D:4)
  A worker ant (D:4)
  A hound skeleton (D:4)
  2 gnolls (D:4)
  10 adders
  An ooze (D:1)
  An adder skeleton (D:4)
  2 worms
  A dart slug (D:1)
  2 leopard geckos
  8 orcs
  7 giant cockroaches
  9 goblins
  8 hobgoblins
  7 kobolds
  A ball python (D:4)
  5 bats
  3 frilled lizards
  8 rats
81 creatures vanquished.

Notes
Turn   | Place    | Note
-------+----------+-------------------------------------------
     0 | D:1      | Naow the Deep Elf Ice Elementalist began the quest for the Orb.
     0 | D:1      | Reached XP level 1. HP: 10/10 MP: 6/6
   262 | D:1      | Reached XP level 2. HP: 13/15 MP: 5/8
   813 | D:1      | Reached skill level 4 in Spellcasting
  1098 | D:1      | Reached XP level 3. HP: 15/19 MP: 5/10
  2322 | D:2      | Reached XP level 4. HP: 24/24 MP: 8/12
  2433 | D:2      | Reached skill level 5 in Spellcasting
  2627 | D:2      | Found a sparkling altar of Nemelex Xobeh.
  2642 | D:2      | Learned a level 2 spell: Throw Frost
  2646 | D:2      | Learned a level 3 spell: Ozocubu's Armour
  2728 | D:3      | Found a white marble altar of Elyvilon.
  2728 | D:3      | Found a faded altar of an unknown god.
  2773 | D:3      | Found a sacrificial altar of Ru.
  2775 | D:3      | Found a deep blue altar of Sif Muna.
  2777 | D:3      | Found a faded altar of an unknown god.
  3317 | D:3      | Noticed a bullfrog
  3321 | D:3      | Killed a bullfrog
  3321 | D:3      | Reached skill level 5 in Ice Magic
  3321 | D:3      | Reached XP level 5. HP: 25/28 MP: 10/15
  3830 | D:3      | Reached skill level 6 in Spellcasting
  4417 | D:4      | Noticed an ogre
  4422 | D:4      | Killed an ogre
  4422 | D:4      | Reached XP level 6. HP: 32/32 MP: 7/17
  4570 | D:4      | Found Ticwiz's Antique Armour Boutique.
  5262 | D:4      | Noticed Natasha
  5272 | D:4      | Killed Natasha
  5275 | D:4      | Reached skill level 7 in Spellcasting
  5278 | D:4      | Noticed Natasha
  5295 | D:4      | HP: 1/32 [Natasha/magic dart (8)]
  5298 | D:4      | Slain by a gnoll

Skill      XL: |  1  2  3  4  5  6 |
---------------+-------------------+-----
Ice Magic      | 4 5 6 |  6.3
Spellcasting   | 4 5 6 7 |  7.0
Dodging        | |  2.4
Stealth        | |  2.4
Conjurations   | |  1.1

Action                   |  1- 3 |  4- 6 || total
-------------------------+-------+-------++-------
Melee: Unarmed           |    17 |    31 ||    48
       Dagger            |       |    16 ||    16
 Cast: Freeze            |    61 |    90 ||   151
       Ozocubu's Armour  |       |     3 ||     3
       Throw Frost       |       |    29 ||    29
  Eat: Chunk             |     3 |    10 ||    13
       Meat ration       |       |     1 ||     1
Armor: Robe              |    19 |    19 ||    38
Dodge: Dodged            |    43 |    84 ||   127
